Map: Acropolis LE

Players

LiquidSnute (Snute)

  • Race: Zerg Zerg
  • League: Grandmaster
  • Spawn Location: 5:00

Lambo - Winner!

  • Race: Zerg Zerg
  • League: Grandmaster
  • Spawn Location: 11:00

Event: HomeStory Cup XIX

VOD

Have the link to the VOD?

Description

Time

  • Played on: June 27, 2019, 9:32 a.m.
  • Length: 7:59

All games in this series

Show
View Real Time Build Order
Export as new Build Order

LiquidSnute Zerg 

Build Orders: Hatch First 

Get SALT Encoding   

  12  0:00  Drone  
  13  0:12  Overlord  
  13  0:17  Drone  
  14  0:30  Drone x2  
  14  0:34  Drone  
  17  0:51  Hatchery  
  17  0:53  Drone  
  17  0:56  Drone  
  18  1:08  Extractor  
  17  1:14  Spawning Pool  
  17  1:15  Drone  
  17  1:17  Drone  
  18  1:27  Drone  
  19  1:38  Overlord  
  19  1:49  Drone  
  20  1:59  Drone  
  20  2:01  Queen  
  21  2:03  Drone, Queen  
  21  2:08  Metabolic Boost  
  26  2:10  Drone  
  26  2:14  Drone  
  28  2:21  Zergling x2  
  29  2:25  Zergling x2  
  30  2:32  Zergling x2  
  31  2:39  Hatchery  
  31  2:41  Queen  
  32  2:45  Overlord  
  32  2:48  Drone  
  32  2:50  Drone  
  34  2:59  Baneling Nest, Drone  
  34  3:00  Drone  
  35  3:08  Drone x3  
  35  3:10  Drone  
  35  3:12  Drone  
  40  3:16  Overlord  
  40  3:20  Overlord  
  40  3:22  Drone  
  40  3:26  Evolution Chamber  
  40  3:29  Drone  
  41  3:34  Drone x2  
  41  3:38  Drone  
  41  3:39  Drone  
  45  3:49  Drone x3  
  45  3:50  Drone x4  
  45  3:53  Zerg Missile Weapons Level 1  
  52  3:57  Extractor  
  52  3:59  Extractor  
  52  4:02  Drone x2  
  52  4:07  Drone x2  
  53  4:11  Drone  
  53  4:12  Drone  
  53  4:13  Lair  
  53  4:14  Drone  
  56  4:20  Drone x3  
  56  4:21  Extractor  
  56  4:23  Overlord  
  58  4:25  Drone x3  
  58  4:26  Drone  
  61  4:33  Roach Warren  
  61  4:34  Drone x2  
  61  4:36  Drone  
  61  4:37  Drone  
  64  4:45  Overlord  
  64  4:46  Drone  
  64  4:48  Drone  
  64  4:52  Drone x4  
  70  4:53  Drone x2  
  70  4:56  Extractor  
  70  4:57  Overlord  
  70  4:58  Zergling x4  
  73  5:05  Drone x3  
  76  5:09  Overlord, Extractor  
  76  5:11  Drone x2  
  76  5:12  Glial Reconstitution  
  77  5:19  Hatchery  
  75  5:25  Roach x6  
  75  5:27  Pneumatized Carapace  
  87  5:31  Roach x2  
  91  5:39  Roach x3  
  91  5:41  Overlord  
  97  5:45  Overlord x3  
  97  5:52  Evolution Chamber  
  96  5:58  Overlord x2  
  96  6:01  Roach x4  
  96  6:02  Ravager  
  96  6:03  Ravager x2  
  107  6:04  Ravager  
  107  6:05  Ravager x2  
  107  6:08  Roach x2  
  107  6:10  Roach  
  116  6:13  Roach x4  
  116  6:16  Roach x2  
  133  6:18  Roach x2  
  133  6:19  Roach  
  133  6:29  Roach x3  
  131  6:39  Roach x5  
  127  6:43  Queen  
  127  6:46  Roach x4  
  125  6:47  Roach x3  
  125  6:51  Roach x2  
  126  7:00  Roach x3  
  125  7:06  Queen x2  
  123  7:10  Roach x3  
  119  7:20  Roach x2  
  113  7:23  Roach  
  97  7:32  Roach x3  
  99  7:40  Roach  
Show
View Real Time Build Order
Export as new Build Order

Lambo Zerg - Winner!

Build Orders: Hatch First, Roach Nydus 

Get SALT Encoding   

  12  0:00  Drone  
  13  0:13  Overlord  
  13  0:16  Drone  
  14  0:31  Drone x2  
  16  0:48  Hatchery  
  15  0:51  Drone  
  15  0:54  Drone  
  17  0:57  Drone  
  18  1:09  Extractor  
  17  1:12  Spawning Pool  
  17  1:16  Drone  
  17  1:19  Drone  
  18  1:28  Drone  
  19  1:39  Drone  
  20  1:51  Drone  
  21  1:59  Queen  
  21  2:00  Zergling x2, Queen  
  26  2:01  Overlord  
  26  2:08  Metabolic Boost  
  26  2:11  Drone  
  26  2:12  Drone  
  28  2:22  Drone x2  
  30  2:32  Drone  
  30  2:33  Drone  
  32  2:39  Hatchery  
  32  2:43  Drone  
  32  2:46  Drone  
  32  2:48  Baneling Nest  
  32  2:54  Overlord  
  32  2:55  Zergling x2  
  33  3:05  Drone  
  33  3:07  Zergling x2  
  35  3:13  Zergling x4  
  35  3:14  Zergling x2  
  35  3:15  Drone  
  35  3:16  Drone x2  
  41  3:22  Overlord  
  41  3:24  Queen  
  43  3:27  Drone  
  43  3:29  Evolution Chamber  
  43  3:32  Baneling x2  
  43  3:33  Drone  
  44  3:42  Drone  
  44  3:45  Drone x3  
  44  3:47  Drone x3  
  51  3:50  Drone  
  51  3:53  Lair  
  51  3:54  Drone  
  52  4:03  Extractor  
  52  4:05  Extractor  
  52  4:06  Drone x3  
  52  4:07  Drone x2  
  55  4:10  Queen  
  55  4:15  Roach Warren  
  55  4:18  Zerg Missile Weapons Level 1  
  55  4:23  Drone x2  
  57  4:25  Overlord  
  57  4:32  Overlord  
  57  4:37  Overlord  
  57  4:39  Extractor  
  57  4:40  Drone  
  57  4:51  Drone x3  
  60  4:53  Drone  
  60  4:56  Glial Reconstitution, Drone x3  
  60  4:57  Roach x3  
  60  4:58  Roach x2  
  74  5:01  Overlord  
  74  5:06  Roach x3  
  80  5:16  Roach  
  80  5:17  Overlord  
  80  5:20  Overlord  
  81  5:27  Nydus Network, Roach x2  
  84  5:30  Roach  
  84  5:31  Roach  
  84  5:33  Queen  
  84  5:34  Overlord  
  84  5:35  Overlord  
  90  5:38  Roach x2  
  90  5:41  Roach  
  96  5:43  Roach  
  96  5:45  Roach  
  96  5:46  Roach  
  96  5:49  Roach  
  104  5:51  Roach  
  104  5:55  Roach  
  104  5:56  Roach  
  110  5:59  Roach x2  
  110  6:04  Roach x2  
  117  6:10  Nydus Canal  
  117  6:11  Zergling x8  
  117  6:13  Zergling x2  
  117  6:15  Overlord  
  122  6:19  Overlord  
  122  6:23  Overlord  
  120  6:27  Nydus Canal  
  120  6:28  Roach  
  120  6:30  Roach x2  
  117  6:34  Roach  
  117  6:37  Roach  
  117  6:39  Roach  
  113  6:45  Roach x2  
  103  6:47  Roach  
  103  6:49  Roach  
  103  6:52  Roach  
  103  6:54  Roach  
  103  6:55  Roach  
  103  6:59  Roach  
  104  7:01  Roach  
  104  7:04  Roach  
  104  7:06  Nydus Canal  
  104  7:09  Roach  
  104  7:11  Roach  
  104  7:13  Roach  
  108  7:19  Roach x2  
  108  7:21  Roach  
  106  7:24  Roach  
  106  7:29  Roach  
  100  7:32  Roach  
  100  7:34  Roach  
  100  7:39  Roach  
Tags
 
Add a new tag
Caveats
  • Supply blocks, unpowered buildings, or Contaminate may cause inaccurate times.
  • Supply counts are checked every 10 seconds.